 Dungeon Crawl Stone Soup version 0.21-a0-444-g29a2fec (webtiles) character file.

202 theanonym the Bolt Thrower (level 5, -8/45 HPs)
             Began as a Gargoyle Hunter on Nov 17, 2017.
             Mangled by Duvessa
             ... wielding a +0 short sword
              (10 damage)
             ... on level 4 of the Dungeon.
             The game lasted 00:04:30 (2902 turns).

theanonym the Bolt Thrower (Gargoyle Hunter)        Turns: 2902, Time: 00:04:31

Health: -8/45      AC: 13    Str: 20    XL:     5   Next: 80%
Magic:  0/5        EV:  7    Int: 12    God:
Gold:   195        SH:  0    Dex: 11    Spells: 4/4 levels left

rFire    . . .     SeeInvis .   b - +0 short sword
rCold    . . .     Gourm    .   (no shield)
rNeg     + . .     Faith    .   u - +0 chain mail
rPois    ∞         Spirit   +   (no helmet)
rElec    +         Reflect  .   (no cloak)
rCorr    .         Harm     .   (no gloves)
MR       .....                  s - +0 pair of boots
Stlth    ..........             h - amulet of guardian spirit {Spirit}
HPRegen  0.15/turn              m - ring of stealth {Stlth+}
MPRegen  0.09/turn              (no ring)

@: berserking, very quick
A: negative energy resistance 1, electricity resistance, unbreathing,
petrification resistance, rot immunity, AC +4
a: no special abilities


Innate Abilities, Weirdness & Mutations

You are resistant to torment.
Your stone body is resilient. (AC +4)
You are immune to poison.
You resist negative energy. (rN+)
You are resistant to electric shocks. (rElec)
You can survive without breathing.
You are immune to petrification.
You are immune to rotting.


   Skills:
 + Level 2.1 Fighting
 + Level 6.9 Crossbows
 - Level 1.5 Dodging
 - Level 1.1 Stealth


You had 4 spell levels left.
You didn't know any spells.

Skill      XL: |  1  2  3  4 |
---------------+-------------+-----
Crossbows      | 5 6 |  6.9
Fighting       | |  2.1
Dodging        | |  1.5
Stealth        | |  1.1

Action                   |  1- 3 |  4- 6 || total
-------------------------+-------+-------++-------
Melee: Short sword       |   112 |    54 ||   166
 Fire: Hand crossbow     |     7 |    18 ||    25
  Use: Potion            |       |     5 ||     5
 Stab: Sleeping          |     2 |       ||     2
  Eat: Chunk             |     2 |     4 ||     6
Armor: Leather armour    |    23 |       ||    23
       Ring mail         |    28 |    16 ||    44
       Chain mail        |       |    21 ||    21
Dodge: Dodged            |    90 |    22 ||   112

Inventory:

Hand Weapons
 a - a +1 hand crossbow
 b - a +0 short sword (weapon)
Missiles
 d - 11 bolts
Armour
 c - a +0 leather armour
 n - a +0 ring mail
   (You found it on level 1 of the Dungeon)
 s - a +0 pair of boots (worn)
   (You found it on level 2 of the Dungeon)
 u - a +0 chain mail (worn)
   (You found it on level 2 of the Dungeon)
Jewellery
 h - an amulet of guardian spirit (around neck) {Spirit}
   (You found it on level 1 of the Dungeon)
 m - a ring of stealth (left hand) {Stlth+}
   (You found it on level 1 of the Dungeon)
Scrolls
 g - 2 scrolls of enchant armour {unknown}
 i - a scroll of recharging {unknown}
 j - 2 scrolls of amnesia {unknown}
 l - a scroll of teleportation {unknown}
 r - a scroll of noise {unknown}
 t - 4 scrolls of identify {unknown}
 v - a scroll of magic mapping {unknown}
 w - a scroll of remove curse {unknown}
Potions
 z - a potion of lignification {unknown}
Comestibles
 f - 2 bread rations
 k - a meat ration
 o - a royal jelly
 p - 12 fruits

Dungeon Overview and Level Annotations

Branches:
Dungeon (4/15)
 Temple: D:4-7

Altars:
Fedhas

Annotations:
D:4 Duvessa


You were on level 4 of the Dungeon.
You were not hungry.

You visited 1 branch of the dungeon, and saw 4 of its levels.

You collected 195 gold pieces.


Message History

You kill Dowan!
You hear a distant scream of rage.
Your Crossbows skill increases to level 6!
You have reached level 5!
You regained 6 hp, and now have 43/45 hp.
z - a brown potion
Things that are here:
a dagger; a robe You feel a strong urge to attack something.
There is a stone staircase leading up here.
You start resting.
You are no longer berserk.
You are exhausted.
You feel yourself slow down.
You now have 29/30 hp.
You start resting.
Health restored: 30 You start resting.
MP restored: 5 You start waiting.
You feel yourself speed up.
An ogre comes into view. It is wielding a giant club.
Unknown command.
a - a +1 hand crossbow (weapon)
Aim: an ogre, wielding a giant club You shoot a bolt.
The bolt hits the ogre!
The ogre moves out of view.
Aim: an ogre, wielding a giant club (moderately wounded)
You shoot a bolt. The bolt hits the ogre.
You recover from your berserk rage.
Okay, then.
Aim: an ogre, wielding a giant club (heavily wounded)
You shoot a bolt. The bolt hits the ogre.
Aim: an ogre, wielding a giant club (heavily wounded)
You shoot a bolt. The bolt barely misses the ogre.
Aim: an ogre, wielding a giant club (heavily wounded)
You shoot a bolt. The bolt hits the ogre!
You kill the ogre!
Unknown command.
d - 9 bolts (gained 4)
d - 10 bolts (gained 1)
You see here a giant club.
d - 11 bolts (gained 1)
d - 12 bolts (gained 1)
d - 13 bolts (gained 1)
d - 14 bolts (gained 1)
Found 13 gold pieces and a rapier.
You see here a bolt.
Aim: Duvessa, wielding a short sword, wearing a chain mail and carrying a wand of polymorph (?/24) {zapped: 2} (hasn't noticed you)
You shoot a bolt.
Duvessa shouts!
The bolt hits Duvessa!
Duvessa goes berserk!
Aim: Duvessa, wielding a short sword, wearing a chain mail and carrying a wand of polymorph (?/24) {zapped: 2} (moderately wounded, berserk, fast, unusually strong)
You shoot a bolt. The bolt hits Duvessa.
It was a potion of curing.
You feel better.
It was a potion of ambrosia.
You are confused.
You feel invigorated. Duvessa hits you with a short sword!
You take 9 damage, and have 21/30 hp.
MASSIVE DAMAGE!!
You now have 4/5 mp.
You are too injured to fight recklessly!
You feel better.
You feel less invigorated. Duvessa hits you with a short sword! x2
You take 3 damage, and have 18/30 hp.
You now have 3/5 mp.
Aim: Duvessa, wielding a short sword, wearing a chain mail and carrying a wand of polymorph (?/24) {zapped: 2} (moderately wounded, berserk, fast, unusually strong)
You shoot a bolt. The bolt barely misses Duvessa.
Duvessa hits you but does no damage. x2
A worker ant comes into view.
Do you really want to go berserk while wielding your +1 hand crossbow? [Y]es or [N]o only, please.
Do you really want to go berserk while wielding your +1 hand crossbow?
Okay, then.
b - a +0 short sword (weapon)
A red film seems to cover your vision as you go berserk!
You feel yourself moving faster!
You feel mighty! Duvessa hits you with a short sword.
* * * LOW HITPOINT WARNING * * *
Duvessa hits you with a short sword!
* * * LOW HITPOINT WARNING * * *
You now have 15/45 hp.
You hit Duvessa. Duvessa hits you with a short sword.
* * * LOW HITPOINT WARNING * * *
You take 6 damage, and have 9/45 hp.
Your chain mail prevents you from hitting Duvessa.
Duvessa hits you but does no damage.
Your chain mail prevents you from hitting Duvessa.
Duvessa hits you but does no damage.
You barely miss Duvessa. Duvessa hits you but does no damage.
You barely miss Duvessa. Duvessa hits you with a short sword.
* * * LOW MAGIC WARNING * * *;
* * * LOW HITPOINT WARNING * * *
You take 2 damage, and have 7/45 hp.
You now have 1/5 mp.
You hit Duvessa but do no damage. Duvessa hits you but does no damage.
The worker ant closely misses you. Duvessa hits you with a short sword.
* * * LOW HITPOINT WARNING * * *
You take 5 damage, and have 2/45 hp.
You hit Duvessa but do no damage. Duvessa hits you but does no damage.
The worker ant bites you but does no damage.
You hit Duvessa. Duvessa hits you but does no damage.
The worker ant bites you but does no damage.
You hit Duvessa. Duvessa hits you with a short sword!
* * * LOW MAGIC WARNING * * *
You die...

#$...........)
##.............
...............
#...............
#?.............
#..(.........
#..........#
##@#####.#
##ae......# ...#
##....)....#
.[.####......)<..#...
#.....#.(...........#
..$..#...........#.#
. ....(..........##
#%. ........(......#
..#>.##............##


You could see Duvessa (berserk) and a worker ant.

Notes
Turn   | Place    | Note
-------+----------+-------------------------------------------
     0 | D:1      | theanonym the Gargoyle Hunter began the quest for the Orb.
     0 | D:1      | Reached XP level 1. HP: 12/12 MP: 1/1
   329 | D:1      | Reached XP level 2. HP: 14/17 MP: 2/2
   802 | D:1      | HP: 7/17 [ball python (2)]
  1209 | D:2      | Reached XP level 3. HP: 21/21 MP: 3/3
  1270 | D:2      | Reached skill level 5 in Crossbows
  1536 | D:2      | Reached XP level 4. HP: 26/26 MP: 4/4
  2367 | D:3      | Found a blossoming altar of Fedhas.
  2711 | D:4      | Noticed Duvessa
  2715 | D:4      | Noticed Dowan
  2822 | D:4      | Killed Dowan
  2822 | D:4      | Reached skill level 6 in Crossbows
  2822 | D:4      | Reached XP level 5. HP: 30/30 MP: 3/5
  2858 | D:4      | Noticed an ogre
  2866 | D:4      | Killed an ogre
  2893 | D:4      | HP: 22/45 [Duvessa/short sword (5)]
  2894 | D:4      | HP: 9/45 [Duvessa/short sword (6)]
  2899 | D:4      | HP: 2/45 [Duvessa/short sword (6)]
  2902 | D:4      | Mangled by Duvessa

Vanquished Creatures
  An ogre (D:4)
  Dowan (D:4)
  2 adders (D:2)
  A leopard gecko (D:2)
  An orc (D:3)
  8 bats
  A giant cockroach (D:2)
  11 goblins
  4 hobgoblins
  2 jackals (D:2)
  9 kobolds
  A quokka (D:2)
  A ball python (D:1)
  2 frilled lizards
  A leopard gecko skeleton (D:4)
  5 rats
51 creatures vanquished.
